[Event "Team 45 45 League T45"]
[Site "Internet Chess Club"]
[Date "2010.06.05"]
[Round "5"]
[White "slowdown"]
[Black "imawesome"]
[Result "1/2-1/2"]
[WhiteElo "1631"]
[BlackElo "1630"]
[Opening "Sicilian: Smith-Morra gambit"]
[ECO "B21"]
[Time "12:00:53"]
[TimeControl "2700+45"]

1. e4 c5 2. d4 cxd4 3. c3 g6 4. cxd4 d5 5. e5 Bg7 6. Nf3 Nc6 7. Bb5 f6 8. O-O a6
9. Bxc6+ bxc6 10. Re1 Kf7 11. Nc3 Be6 12. Na4 Bg4 13. Ng5+ fxg5 14. Qxg4 Qa5 15.
Nc3 h6 16. f4 h5 17. Qxg5 Bh6 18. e6+ Kg7 19. Qg3 Qb6 20. Qd3 Nf6 21. h4 Kh7 22.
f5 Rhg8 23. fxg6+ Rxg6 24. Bxh6 Kxh6 25. Qd2+ Kh7 26. Re5 Rag8 27. Rg5 Qc7 28.
Rf1 Rxg5 29. hxg5 Ng4 30. Rf7+ Kh8 31. Qf4 Qxf4 32. Rxf4 Rxg5 33. Rf7 Rg7 34.
Rf1 Ne3 35. Rf2 Rg6 36. Rf8+ Rg8 37. Rxg8+ Kxg8 38. Kf2 Nc2 39. Ne2 Nb4 40. Kg3
Kg7 41. Kh4 Kh6 42. Nf4 Nc2 43. Nxh5 Nxd4 44. Nf4 Nf5+ 45. Kg4 Ne3+ 46. Kf3 d4
47. Ke4 c5 48. b3 Kg5 49. Nd3 c4 50. bxc4 Nxc4 51. Kxd4 Nd6 52. Kc5 Kf5 53. Kb6
Kxe6 54. Kxa6 Kf5 55. a4 e5 56. Kb6 e4 57. Ne1 Kf4 58. Kc6 Nc4 59. Kb5 Nd6+ 60.
Kb4 e3 61. a5 e2 62. Kc3 Kg3 63. Kd2 {Game drawn by mutual agreement} 1/2-1/2

[Event "Team 45 45 League T45"]
[Site "Internet Chess Club"]
[Date "2010.06.06"]
[Round "5"]
[White "quaksterjohny"]
[Black "badmove"]
[Result "0-1"]
[WhiteElo "1379"]
[BlackElo "1769"]
[Opening "Vienna game"]
[ECO "C28"]
[Time "17:01:17"]
[TimeControl "2700+45"]

1. e4 e5 2. Bc4 Nc6 3. Nc3 Nf6 4. d3 Bc5 5. f4 d6 6. Nf3 Bg4 7. Na4 O-O 8. Nxc5
dxc5 9. h3 Bxf3 10. gxf3 Nh5 11. Be3 Qh4+ 12. Bf2 Qxf4 13. Bxc5 Nd4 14. Bxf8
Nxf3+ 15. Kf2 Nh2+ 16. Ke1 Qg3+ 17. Kd2 Nf3+ 18. Kc1 Qf4+ 19. Kb1 Nd2+ 20. Kc1
Nxc4+ 21. Kb1 Nd2+ 22. Kc1 Nxe4+ 23. Kb1 Nd2+ 24. Kc1 Nf3+ 25. Kb1 Rxf8 26. a3
Ng3 27. Ka2 Nxh1 28. Qxh1 Qf6 29. Rf1 Qe6+ 30. Ka1 Nd4 31. Kb1 Qc6 32. Qh2 Ne6
33. Qxe5 f6 34. Qg3 Qd5 35. Re1 Qc6 36. Qg4 f5 37. Qe2 Ng5 38. h4 Nf7 39. Qf2
Nh6 40. Qxa7 f4 41. Qf2 f3 42. Kc1 Ng4 43. Qg3 f2 44. Rf1 Qh6+ 45. Kb1 Qf4 46.
Qxf4 Rxf4 47. Ka2 Ne3 48. Rh1 f1=Q 49. Rxf1 Rxf1 50. Kb3 Rh1 51. Kb4 Rxh4+
{White resigns} 0-1

[Event "Team 45 45 League T45"]
[Site "Internet Chess Club"]
[Date "2010.06.03"]
[Round "5"]
[White "medsurg"]
[Black "check-man"]
[Result "0-1"]
[WhiteElo "1316"]
[BlackElo "1556"]
[Opening "QGD"]
[ECO "D52"]
[Time "17:00:08"]
[TimeControl "2700+45"]

1. d4 d5 2. c4 c6 3. Nf3 Nf6 4. Nc3 e6 5. Bg5 Nbd7 6. e3 Bd6 7. Bd3 O-O 8. O-O
h6 9. Bh4 Re8 10. Qc2 dxc4 11. Bxc4 Qc7 12. Ne4 Nxe4 13. Qxe4 g6 14. Qg4 Nb6 15.
Bd3 e5 16. Qxg6+ fxg6 17. Bxg6 Rf8 18. Bc2 Qg7 19. Bb3+ Kh8 20. Bg3 Nd7 21. Nh4
Be7 22. Nf5 Rxf5 {White resigns} 0-1

[Event "Team 45 45 League T45"]
[Site "Internet Chess Club"]
[Date "2010.06.06"]
[Round "5"]
[White "Electryon"]
[Black "Eyechess"]
[Result "1/2-1/2"]
[WhiteElo "1428"]
[BlackElo "1720"]
[Opening "English, 1...Nf6 (Anglo-Indian defense)"]
[ECO "A15"]
[Time "19:30:14"]
[TimeControl "2700+45"]

1. c4 Nf6 2. g3 c6 3. Bg2 d5 4. cxd5 cxd5 5. Nf3 Nc6 6. d3 e5 7. Bg5 Be7 8. Nc3
d4 9. Bxf6 Bxf6 10. Ne4 Be7 11. O-O O-O 12. Rc1 Be6 13. a3 Qb6 14. b4 h6 15. Nc5
Bxc5 16. Rxc5 f6 17. Nd2 a5 18. Nc4 Bxc4 19. Rxc4 axb4 20. Bxc6 bxc6 21. Rxb4
Qa5 22. Qb3+ Qd5 23. Qxd5+ cxd5 24. Ra1 Rf7 25. Rb5 Rfa7 26. Rxd5 Rxa3 27. Rxa3
Rxa3 28. f3 {Game drawn by mutual agreement} 1/2-1/2

[Event "Team 45 45 League T45"]
[Site "Internet Chess Club"]
[Date "2010.06.04"]
[Round "5"]
[White "Tjet"]
[Black "JWB"]
[Result "0-1"]
[WhiteElo "1545"]
[BlackElo "1720"]
[Opening "English: Botvinnik system"]
[ECO "A10"]
[Time "15:03:32"]
[TimeControl "2700+45"]

1. c4 g6 2. Nc3 Bg7 3. g3 d6 4. Bg2 Nc6 5. d3 e5 6. e4 Nh6 7. h3 O-O 8. Nf3 f5
9. exf5 Nxf5 10. O-O Nfd4 11. Nxd4 Nxd4 12. Ne4 c6 13. Be3 Nf5 14. Bg5 Qc7 15.
Rc1 Be6 16. b3 Qd7 17. Kh2 Rf7 18. Be3 h6 19. Qd2 b6 20. b4 Raf8 21. a3 d5 22.
cxd5 cxd5 23. g4 Nxe3 24. Qxe3 dxe4 25. Bxe4 g5 26. f3 Qd4 27. Qxd4 exd4 28. Kg2
Rf6 29. Rc7 R6f7 30. Rxf7 Kxf7 31. f4 gxf4 32. Rxf4+ Ke7 33. Rxf8 Kxf8 34. Kf3
Be5 35. h4 Ke7 36. g5 hxg5 37. hxg5 Kd6 38. g6 Bd5 39. a4 Bxe4+ 40. Kxe4 Ke6 41.
a5 bxa5 42. bxa5 a6 43. Kf3 Kd6 44. Ke4 Bg7 45. Kf5 Kc5 46. Ke6 Kb5 47. Kf7 Be5
48. g7 Bxg7 49. Kxg7 Kxa5 50. Kf6 Kb4 51. Ke5 Kc3 52. Ke4 a5 {White resigns} 0-1

[Event "Team 45 45 League T45"]
[Site "Internet Chess Club"]
[Date "2010.06.06"]
[Round "5"]
[White "philosopherking"]
[Black "chesskix"]
[Result "1-0"]
[WhiteElo "1513"]
[BlackElo "1401"]
[Opening "QGD semi-Slav"]
[ECO "D43"]
[Time "13:01:52"]
[TimeControl "2700+45"]

1. d4 d5 2. c4 c6 3. Nc3 Nf6 4. Nf3 e6 5. Bg5 Be7 6. e3 Qa5 7. Qc2 Nbd7 8. Be2
Bb4 9. O-O Bxc3 10. bxc3 Ne4 11. Rfc1 Nxg5 12. Nxg5 Nf6 13. Nf3 Ne4 14. Bd3 f5
15. cxd5 exd5 16. c4 a6 17. cxd5 Qxd5 18. Ne5 Nd6 19. Rab1 g6 20. Nc4 Nxc4 21.
Bxc4 Qe4 22. Qd2 b5 23. Bb3 Be6 24. f3 {Black resigns} 1-0

[Event "Team 45 45 League T45"]
[Site "Internet Chess Club"]
[Date "2010.06.06"]
[Round "5"]
[White "MCJR"]
[Black "rayngrant"]
[Result "0-1"]
[WhiteElo "1419"]
[BlackElo "1561"]
[Opening "King's Indian: London system"]
[ECO "A48"]
[Time "20:00:14"]
[TimeControl "2700+45"]

1. d4 Nf6 2. Nf3 g6 3. Bf4 Bg7 4. e3 O-O 5. Nbd2 d5 6. c3 Bf5 7. Nh4 e6 8. Nxf5
exf5 9. h3 Nbd7 10. Nf3 c6 11. Be2 Qb6 12. Qb3 Qxb3 13. axb3 Rfe8 14. b4 Nb6 15.
O-O Nh5 16. Bh2 f4 17. Nh4 fxe3 18. fxe3 Rxe3 19. Bxh5 gxh5 20. Nf5 Re2 21. Nxg7
Kxg7 22. Be5+ Kg8 23. b3 Nd7 24. Bh2 a6 25. Rfe1 Rae8 26. Rxe2 Rxe2 27. Kf1 Re3
28. Re1 Rxe1+ 29. Kxe1 Nf6 30. Kf2 Ne4+ 31. Ke3 Nxc3 32. Kd3 Ne4 33. Ke3 Kg7 34.
Be5+ Kg6 35. Kf4 f6 36. Bd6 Nxd6 {White resigns} 0-1

[Event "Team 45 45 League T45"]
[Site "Internet Chess Club"]
[Date "2010.06.04"]
[Round "5"]
[White "StolenAfrikan"]
[Black "ILRE"]
[Result "0-1"]
[WhiteElo "1486"]
[BlackElo "1543"]
[Opening "King's Indian: East Indian defense"]
[ECO "A48"]
[Time "14:00:49"]
[TimeControl "2700+45"]

1. d4 Nf6 2. Nf3 g6 3. e3 Bg7 4. Nbd2 d6 5. Bd3 O-O 6. c3 Nc6 7. e4 e5 8. Nb3 a6
9. Qe2 Bg4 10. O-O h6 11. h3 Bd7 12. a4 exd4 13. cxd4 Re8 14. Bd2 a5 15. Rfe1
Nxe4 16. Bxe4 d5 17. Nc5 dxe4 18. Nxd7 Qxd7 19. Ne5 Nxe5 20. Qxe4 Nc6 21. Qf4
Qd6 22. Qf3 Nxd4 23. Qxb7 Nc2 24. Rxe8+ Rxe8 25. Rd1 Qb6 26. Qd5 Nb4 27. Qd7 Re6
28. Be3 Qc6 29. Qc8+ Re8 30. Qg4 Qxa4 31. Bc5 Qc6 32. Be3 Qe4 33. Qd7 Qe7 34.
Qb5 Rd8 35. Re1 Nc2 36. Re2 Nxe3 37. Rxe3 Rd1+ 38. Kh2 Qd6+ 39. f4 Qxf4+ {White
resigns} 0-1

[Event "Team 45 45 League T45"]
[Site "Internet Chess Club"]
[Date "2010.06.06"]
[Round "5"]
[White "blizzard13"]
[Black "kid6988"]
[Result "1-0"]
[WhiteElo "1465"]
[BlackElo "1306"]
[Opening "Evans gambit"]
[ECO "C52"]
[Time "15:02:21"]
[TimeControl "2700+45"]

1. e4 e5 2. Nf3 Nc6 3. Bc4 Bc5 4. b4 Bxb4 5. c3 Ba5 6. d4 exd4 7. O-O Nf6 8. Ba3
Nxe4 9. Re1 Ne7 10. Rxe4 d5 11. Rxe7+ Qxe7 12. Bxe7 Kxe7 13. Bxd5 Re8 14. Qxd4
Kf8 15. Qc5+ {Black resigns} 1-0

[Event "Team 45 45 League T45"]
[Site "Internet Chess Club"]
[Date "2010.06.07"]
[Round "5"]
[White "Deadly-Spike"]
[Black "houseofcook"]
[Result "0-1"]
[WhiteElo "1228"]
[BlackElo "1512"]
[Opening "French: Tarrasch, closed variation"]
[ECO "C05"]
[Time "13:00:09"]
[TimeControl "2700+45"]

1. e4 e6 2. d4 d5 3. Nd2 Nf6 4. e5 Nfd7 5. Ngf3 c5 6. c3 Nc6 7. Bd3 cxd4 8. cxd4
f6 9. exf6 Nxf6 10. Bb5 Bd6 11. Qc2 Bd7 12. O-O Rc8 13. Qd3 O-O 14. Re1 Nb4 15.
Qb3 Nc2 16. Bxd7 Qxd7 17. Re2 Nxa1 18. Qd3 Rxc1+ 19. Nf1 Rfc8 20. h3 Nc2 21. Ng5
Nb4 22. Qf3 Re8 23. g3 Rc4 24. Rd2 Ne4 25. Nxe4 dxe4 26. Qxe4 Qc6 27. Qg4 Nd5
28. Qh5 Nf6 29. Qa5 Bb4 {White resigns} 0-1

[Event "Team 45 45 League T45"]
[Site "Internet Chess Club"]
[Date "2010.06.07"]
[Round "5"]
[White "tcianciola"]
[Black "j316chuck"]
[Result "0-1"]
[WhiteElo "1142"]
[BlackElo "1501"]
[Opening "Ruy Lopez: exchange variation"]
[ECO "C68"]
[Time "14:07:22"]
[TimeControl "2700+45"]

1. e4 e5 2. Nf3 Nc6 3. Bb5 a6 4. Bxc6 dxc6 5. Nxe5 Qd4 6. Nf3 Qxe4+ 7. Qe2 Qxe2+
8. Kxe2 Nf6 9. Re1 Bd6 10. Kf1+ Be6 11. h3 O-O 12. d4 Bf5 13. c3 Rfe8 14. Be3
Nd5 15. Nbd2 Nxe3+ 16. fxe3 Bg3 17. Re2 Bd3 18. e4 Bxe2+ 19. Kxe2 Bf4 20. Nc4
Rxe4+ 21. Kd3 Rae8 22. Nfe5 R4xe5 23. dxe5 Bxe5 24. Re1 Rd8+ 25. Kc2 Bd6 26. Rd1
b6 27. Ne5 c5 28. Nc6 Re8 29. g4 Kf8 30. Rd3 Ra8 31. a4 Ke8 32. Re3+ Kd7 33.
Ne5+ Bxe5 34. Rxe5 Re8 35. Rd5+ Kc6 36. Rd3 Re2+ 37. Kb1 b5 38. axb5+ axb5 39.
b4 cxb4 40. cxb4 Re4 41. Rc3+ Kb6 42. g5 Rxb4+ 43. Kc2 Rc4 {White resigns} 0-1

[Event "Team 45 45 League T45"]
[Site "Internet Chess Club"]
[Date "2010.06.07"]
[Round "5"]
[White "taldeital"]
[Black "Burbia"]
[Result "1-0"]
[WhiteElo "1457"]
[BlackElo "1354"]
[Opening "Queen's pawn"]
[ECO "A40"]
[Time "17:00:21"]
[TimeControl "2700+45"]

1. d4 e6 2. Nf3 f5 3. h3 Nf6 4. Bg5 Be7 5. e3 O-O 6. c3 d5 7. Bd3 Bd7 8. Nbd2 c6
9. Qc2 b5 10. Ne5 Be8 11. Ndf3 Nbd7 12. Nxc6 Qc7 13. Nxe7+ Kh8 14. Bf4 e5 15.
Nxe5 Nxe5 16. Bxe5 Qxe7 17. Bxf5 Ne4 18. Bxe4 dxe4 19. Qxe4 Bg6 20. Qg4 Qf7 21.
f4 Qc4 22. e4 b4 23. f5 h5 24. Qxg6 Qf7 25. Qxf7 Rxf7 26. c4 Kg8 27. c5 Kh7 28.
Ke2 g6 29. Rhf1 Raf8 30. f6 Kh6 31. Rf2 g5 32. Raf1 Kg6 33. Rf5 g4 34. hxg4 hxg4
35. g3 Rh7 36. R1f2 Rh1 37. Kd3 Rd1+ 38. Kc4 a5 39. Bd6 Re1 40. e5 Rf7 41. Kb5
Re4 42. R5f4 a4 {Black resigns} 1-0

[Event "Team 45 45 League T45"]
[Site "Internet Chess Club"]
[Date "2010.06.06"]
[Round "5"]
[White "PANAMA-REY"]
[Black "dscvdchk"]
[Result "1-0"]
[WhiteElo "1399"]
[BlackElo "1471"]
[Opening "Scandinavian gambit"]
[ECO "B01"]
[Time "12:01:11"]
[TimeControl "2700+45"]

1. e4 d5 2. exd5 Nf6 3. c4 c6 4. dxc6 Nxc6 5. h3 e5 6. Bd3 e4 7. Bc2 Nd4 8. Ba4+
Bd7 9. Bxd7+ Qxd7 10. Nc3 Be7 11. Nge2 O-O 12. O-O Rac8 13. b3 Rfe8 14. Bb2 b5
15. cxb5 Nxb5 16. Re1 Nd4 17. Nxd4 Qxd4 18. Rb1 Bc5 19. Re2 Qd7 20. Qe1 Qf5 21.
Na4 Be7 22. Re3 Bd8 23. Nc3 Bb6 24. Re2 Rcd8 25. Na4 Bd4 26. Bxd4 Rxd4 27. Nb2
Nd5 28. Nc4 Nf4 29. Re3 Qd5 30. Rc1 Nd3 31. Rxd3 Rxd3 32. f3 Qd4+ 33. Kh1 f5 34.
f4 Re6 35. Ne5 Rxe5 36. fxe5 Qxe5 37. Qf2 Rd7 38. Qe2 Rd3 39. Rc8+ Kf7 40. Qh5+
g6 41. Qxh7+ Kf6 42. Qh8+ {Black resigns} 1-0

[Event "Team 45 45 League T45"]
[Site "Internet Chess Club"]
[Date "2010.06.05"]
[Round "5"]
[White "IanT"]
[Black "Gunter"]
[Result "1/2-1/2"]
[WhiteElo "1384"]
[BlackElo "1110"]
[Opening "Philidor: exchange variation"]
[ECO "C41"]
[Time "01:01:10"]
[TimeControl "2700+45"]

1. e4 e5 2. Nf3 d6 3. d4 exd4 4. Nxd4 Nf6 5. Nc3 Be7 6. Bf4 O-O 7. Bd3 Bd7 8.
O-O Nc6 9. Bc4 a6 10. Re1 Be6 11. Bb3 Bxb3 12. Nxb3 Re8 13. Qf3 Nb4 14. Rac1 g6
15. a3 Nc6 16. Rcd1 Nh5 17. Bg3 Nxg3 18. Qxg3 Bf6 19. h3 Bxc3 20. Qxc3 Qh4 21.
Qf3 Re5 22. Re3 b5 23. Rd5 Rae8 24. Nd2 Rxd5 25. exd5 Ne5 26. Qe4 Qxe4 27. Rxe4
Kf8 28. Kh2 c6 29. dxc6 Nxc6 30. Re3 f5 31. Rxe8+ Kxe8 32. Kg3 Kf7 33. Kf4 Kf6
34. f3 g5+ 35. Ke3 h6 36. f4 a5 37. Nf3 gxf4+ 38. Kxf4 Ne5 39. Nh4 Ng6+ 40. Nxg6
Kxg6 41. h4 h5 42. g3 {Game drawn by mutual agreement} 1/2-1/2

[Event "Team 45 45 League T45"]
[Site "Internet Chess Club"]
[Date "2010.06.05"]
[Round "5"]
[White "LucaTrapani"]
[Black "fishhead"]
[Result "0-1"]
[WhiteElo "2085"]
[BlackElo "2190"]
[Opening "Catalan opening"]
[ECO "E00"]
[Time "16:01:30"]
[TimeControl "2700+45"]

1. d4 Nf6 2. c4 e6 3. g3 b6 4. Bg2 Nc6 5. d5 exd5 6. cxd5 Ne5 7. f4 Ng6 8. e4
Bb4+ 9. Bd2 Qe7 10. Bxb4 Qxb4+ 11. Qd2 Qxd2+ 12. Nxd2 Bb7 13. O-O-O Ng4 14. Nh3
Ne3 15. Rdg1 O-O 16. Bf3 f5 17. Re1 fxe4 18. Rxe3 exf3 19. Rd3 Rf5 20. d6 Rc5+
21. Kb1 f2 22. Nxf2 Bxh1 23. Nxh1 Re8 24. Nf3 Re2 25. dxc7 Rxc7 26. f5 Ne5 27.
Rd2 Re3 {White resigns} 0-1

[Event "Team 45 45 League T45"]
[Site "Internet Chess Club"]
[Date "2010.06.08"]
[Round "5"]
[White "CREDITorDEBIT"]
[Black "ghostfire"]
[Result "1-0"]
[WhiteElo "1758"]
[BlackElo "1697"]
[Opening "Scandinavian (center counter) defense"]
[ECO "B01"]
[Time "18:00:43"]
[TimeControl "2700+45"]

1. e4 d5 2. exd5 Qxd5 3. Nc3 Qa5 4. Nf3 Nf6 5. d4 c6 6. h3 Bf5 7. Bd2 Qc7 8. Bc4
h6 9. O-O e6 10. Ne5 Nbd7 11. f4 Nxe5 12. fxe5 Nd5 13. Nxd5 cxd5 14. Bb5+ Kd8
15. Rc1 Qb6 16. c4 Qxd4+ 17. Kh1 Qxe5 18. Bc3 Qd6 19. cxd5 a6 20. Qa4 Qb8 21.
Ba5+ b6 22. Be8 Ra7 23. dxe6 Bxe6 24. Rfd1+ Bd6 25. Bb4 b5 26. Qa5+ Kxe8 27.
Bxd6 Qa8 28. Rc7 Bxh3 29. Qd2 Be6 30. Qd4 Rxc7 31. Bxc7 Rh7 32. Qc5 Bxa2 33.
Rd8+ Qxd8 34. Bxd8 Kxd8 35. Qd4+ Kc7 36. Qa7+ Kd8 37. Qxa6 Bc4 38. Qd6+ Kc8 39.
b3 Be2 40. Qf8+ Kc7 41. Qe7+ Kb6 42. Qxe2 Rh8 43. Qe7 Rc8 44. Qxf7 Rc7 45. Qe6+
Kb7 46. b4 Rc1+ 47. Kh2 Rc7 48. Qd5+ Kb6 49. g4 Rc2+ 50. Kg3 Rc3+ 51. Kh4 g5+
52. Kh5 Rc6 53. Qxc6+ Kxc6 54. Kxh6 Kd5 55. Kxg5 Kc4 56. Kf4 Kxb4 57. g5 Ka3 58.
g6 b4 59. g7 b3 60. g8=Q b2 61. Qa8+ Kb3 62. Qb7+ Kc2 63. Qc6+ Kb1 64. Ke3 Ka2
65. Qa4+ Kb1 66. Kd3 {Black resigns} 1-0

[Event "Team 45 45 League T45"]
[Site "Internet Chess Club"]
[Date "2010.06.06"]
[Round "5"]
[White "Constrictor"]
[Black "tigereye"]
[Result "0-1"]
[WhiteElo "1728"]
[BlackElo "1863"]
[Opening "QGD semi-Slav"]
[ECO "D43"]
[Time "16:02:09"]
[TimeControl "2700+45"]

1. Nf3 d5 2. d4 c6 3. c4 Nf6 4. Nc3 e6 5. cxd5 exd5 6. Bf4 Bf5 7. e3 Nbd7 8. Bd3
Bxd3 9. Qxd3 Be7 10. O-O Nh5 11. Be5 Nxe5 12. Nxe5 O-O 13. Qf5 Nf6 14. a3 a5 15.
Nd3 Qc7 16. Nc5 Bd6 17. h3 Qe7 18. Nd3 Ne4 19. Nxe4 dxe4 20. Nc5 g6 21. Qxe4
Bxc5 {White resigns} 0-1

[Event "Team 45 45 League T45"]
[Site "Internet Chess Club"]
[Date "2010.06.07"]
[Round "5"]
[White "badmove"]
[Black "JWB"]
[Result "1/2-1/2"]
[WhiteElo "1767"]
[BlackElo "1722"]
[Opening "Caro-Kann: Steinitz variation"]
[ECO "B17"]
[Time "16:00:28"]
[TimeControl "2700+45"]

1. e4 c6 2. d4 d5 3. Nc3 dxe4 4. Nxe4 Nd7 5. Ng5 Ngf6 6. Bd3 e6 7. N1f3 Bd6 8.
Qe2 h6 9. Ne4 Nxe4 10. Qxe4 Nf6 11. Qe2 Qc7 12. Bd2 Bf4 13. Ne5 Bxd2+ 14. Qxd2
O-O 15. O-O-O c5 16. Qc3 b6 17. f4 Nd5 18. Qd2 Bb7 19. Be4 {Game drawn by mutual
agreement} 1/2-1/2

[Event "Team 45 45 League T45"]
[Site "Internet Chess Club"]
[Date "2010.06.05"]
[Round "5"]
[White "Zumbi"]
[Black "justice02"]
[Result "1-0"]
[WhiteElo "1985"]
[BlackElo "1777"]
[Opening "French: Tarrasch"]
[ECO "C03"]
[Time "09:38:24"]
[TimeControl "2700+45"]

1. e4 e6 2. d4 d5 3. Nd2 dxe4 4. Nxe4 Nf6 5. Nxf6+ Qxf6 6. Nf3 h6 7. c3 Bd6 8.
Bd3 O-O 9. Be3 c6 10. g4 Bf4 11. Qd2 Bxe3 12. Qxe3 Nd7 13. h4 Qe7 14. O-O-O a5
15. Rdg1 a4 16. h5 a3 17. b3 Nb6 18. g5 Nd5 19. gxh6 Nxe3 20. Rxg7+ Kh8 21. Rh7+
Kg8 22. Rg1+ {Black resigns} 1-0

[Event "Team 45 45 League T45"]
[Site "Internet Chess Club"]
[Date "2010.06.03"]
[Round "5"]
[White "Yedixon"]
[Black "eagleeye222001"]
[Result "1-0"]
[WhiteElo "1747"]
[BlackElo "1751"]
[Opening "Bird: From gambit"]
[ECO "A02"]
[Time "16:31:35"]
[TimeControl "2700+45"]

1. f4 e5 2. fxe5 d6 3. exd6 Bxd6 4. Nf3 Nf6 5. d4 O-O 6. Qd3 Nc6 7. c3 Ng4 8.
Nbd2 f5 9. Nc4 Nxh2 10. Nxd6 Nxf3+ 11. gxf3 Qxd6 12. Be3 Qg3+ 13. Bf2 Qd6 14.
O-O-O h6 15. e3 Bd7 16. Be2 Rae8 17. Rdg1 Rf6 18. Bg3 Qe6 19. Be5 Rg6 20. f4
Nxe5 21. fxe5 Rxg1+ 22. Rxg1 Qxa2 23. Rf1 Qe6 24. Bh5 Rf8 25. Rg1 Be8 26. Bf3 b6
27. Qa6 Bc6 28. Be2 Qb3 29. Bc4+ {Black resigns} 1-0

[Event "Team 45 45 League T45"]
[Site "Internet Chess Club"]
[Date "2010.06.06"]
[Round "5"]
[White "Tobiasdelmonte"]
[Black "Goli"]
[Result "1-0"]
[WhiteElo "1768"]
[BlackElo "1816"]
[Opening "Pirc: Austrian attack, 6.Bd3"]
[ECO "B06"]
[Time "17:05:52"]
[TimeControl "2700+45"]

1. e4 g6 2. d4 Bg7 3. Nc3 d6 4. f4 Nf6 5. Nf3 O-O 6. Bd3 c5 7. O-O cxd4 8. Nxd4
Qb6 9. Be3 e5 10. fxe5 dxe5 11. Nf5 Qxb2 12. Nxg7 Qxc3 13. Rxf6 Kxg7 14. Qf1 Be6
15. Rxe6 fxe6 16. Bh6+ Kxh6 17. Qxf8+ Kg5 18. h4+ Kxh4 19. Qh6+ {Black resigns}
1-0

[Event "Team 45 45 League T45"]
[Site "Internet Chess Club"]
[Date "2010.06.06"]
[Round "5"]
[White "room-matt"]
[Black "Egmont"]
[Result "1-0"]
[WhiteElo "1710"]
[BlackElo "1752"]
[Opening "Queen's pawn: Chigorin variation"]
[ECO "D00"]
[Time "11:02:32"]
[TimeControl "2700+45"]

1. d4 d5 2. Nc3 Bf5 3. e3 e6 4. h3 Nf6 5. Nf3 h6 6. Bd3 Bxd3 7. Qxd3 c6 8. O-O
Bd6 9. Re1 Nbd7 10. e4 dxe4 11. Nxe4 Nxe4 12. Qxe4 Nf6 13. Qe3 O-O 14. c4 Qc8
15. b3 c5 16. Bb2 Nd7 17. Rad1 Qc7 18. d5 exd5 19. Rxd5 Nb6 20. Rdd1 Rfd8 21.
Qe4 Bf8 22. Be5 Qe7 23. Qc2 Rxd1 24. Qxd1 Rd8 25. Qc2 Qd7 26. Qc3 Nc8 27. a3 Ne7
28. Nh2 Nf5 29. g4 Nd4 30. Nf3 Nxf3+ 31. Qxf3 b6 32. Kg2 Qd2 33. Re2 Qd3 34. Re3
Qd7 35. Bf4 Be7 36. Re4 Bf6 37. Bxh6 Bb2 38. Bf4 Bxa3 39. Re5 Bb2 40. Rd5 Qe8
41. Qd3 Rxd5 42. cxd5 Bd4 43. f3 Qe1 44. Qf1 Qxf1+ 45. Kxf1 Kf8 46. d6 Ke8 47.
Ke2 Kd7 48. Kd3 g6 49. h4 a5 50. h5 gxh5 51. gxh5 b5 52. h6 f5 53. h7 Ke6 54.
Bg3 a4 55. bxa4 bxa4 56. Bf2 {Black resigns} 1-0

[Event "Team 45 45 League T45"]
[Site "Internet Chess Club"]
[Date "2010.06.15"]
[Round "5"]
[White "chiiwen"]
[Black "perikitosax"]
[Result "1/2-1/2"]
[WhiteElo "2143"]
[BlackElo "2006"]
[Opening "Caro-Kann: Steinitz variation"]
[ECO "B17"]
[Time "12:04:54"]
[TimeControl "2700+45"]

1. e4 c6 2. d4 d5 3. Nd2 dxe4 4. Nxe4 Nd7 5. Bc4 Ngf6 6. Ng5 e6 7. Ne2 h6 8. Nf3
Bd6 9. Bf4 Qc7 10. Bxd6 Qxd6 11. O-O O-O 12. c3 b6 13. Ng3 c5 14. Qe2 cxd4 15.
Nxd4 Bb7 16. Rad1 Nd5 17. Nb5 Qf4 18. Rd4 Qb8 19. Bxd5 Bxd5 20. c4 Bc6 21. Rfd1
Bxb5 22. cxb5 Nf6 23. Ne4 Nd5 24. Qd2 Rc8 25. h3 Qc7 26. a4 Qc2 27. Nd6 Qxd2 28.
R1xd2 Rc1+ 29. Kh2 Rc7 30. Nc4 Rac8 31. b3 f6 32. Kg3 Rc5 33. f4 g6 34. Kf3 h5
35. Re4 Re8 36. Ne3 Nxe3 37. Rxe3 Re7 38. h4 Kf7 39. g3 Rec7 40. Rd6 Re7 {Game
drawn by mutual agreement} 1/2-1/2

[Event "Team 45 45 League T45"]
[Site "Internet Chess Club"]
[Date "2010.06.07"]
[Round "5"]
[White "lluisdp"]
[Black "Fulvio"]
[Result "1-0"]
[WhiteElo "2109"]
[BlackElo "1983"]
[Opening "Queen's bishop game"]
[ECO "D02"]
[Time "15:02:10"]
[TimeControl "2700+45"]

1. d4 d5 2. Nf3 Nf6 3. Bf4 e6 4. e3 c5 5. c3 Nc6 6. Nbd2 Qb6 7. Qb3 Qxb3 8. axb3
Be7 9. h3 O-O 10. Bd3 Re8 11. O-O Nd7 12. Bh2 Bf6 13. Bb5 e5 14. dxc5 Nxc5 15.
b4 Nd7 16. e4 d4 17. Nc4 Re6 18. Rfd1 a6 19. Bxc6 bxc6 20. Ra5 c5 21. bxc5 Bb7
22. cxd4 exd4 23. Nd6 Bc6 24. Nxd4 Bxd4 25. Rxd4 g6 26. f3 Kg7 27. b4 Re7 28.
Rd1 Ne5 29. Bxe5+ Rxe5 30. Rda1 Bd7 31. Rxa6 Rxa6 32. Rxa6 Rg5 33. Kf2 Be6 34.
c6 f5 35. exf5 gxf5 36. c7 f4 37. Ne4 Re5 38. Rxe6 {Black resigns} 1-0

[Event "Team 45 45 League T45"]
[Site "Internet Chess Club"]
[Date "2010.06.06"]
[Round "5"]
[White "chess9793"]
[Black "PopolVuh"]
[Result "1-0"]
[WhiteElo "2046"]
[BlackElo "1949"]
[Opening "French: Tarrasch"]
[ECO "C03"]
[Time "18:30:22"]
[TimeControl "2700+45"]

1. e4 e6 2. d4 d5 3. Nd2 Be7 4. Ngf3 Nf6 5. e5 Nfd7 6. Bd3 c5 7. c3 a5 8. Nf1
Nc6 9. Ng3 Qb6 10. Ne2 f6 11. Nf4 fxe5 12. dxe5 Ndxe5 13. Nxe5 Nxe5 14. Qh5+ Nf7
15. Bxh7 Bf6 16. Ng6 Rf8 17. Nxf8 Kxf8 18. Bg6 Nd6 19. Bg5 Bxg5 20. Qxg5 Bd7 21.
O-O Be8 22. Bxe8 Rxe8 23. Qf4+ Kg8 24. Rae1 Ne4 25. f3 c4+ 26. Qe3 Nc5 27. b3
Qb5 28. bxc4 Qxc4 29. Qd4 b5 30. Qxc4 dxc4 31. Re5 Rc8 32. Rb1 Na4 33. Rexb5
Nxc3 34. Rb8 Rxb8 35. Rxb8+ Kf7 36. Rc8 Nxa2 37. Rxc4 Nb4 38. Rc5 {Black
resigns} 1-0

[Event "Team 45 45 League T45"]
[Site "Internet Chess Club"]
[Date "2010.06.04"]
[Round "5"]
[White "upsan"]
[Black "Atlantis"]
[Result "1/2-1/2"]
[WhiteElo "1816"]
[BlackElo "1900"]
[Opening "Sicilian defense"]
[ECO "B40"]
[Time "20:35:27"]
[TimeControl "2700+45"]

1. e4 c5 2. Nf3 e6 3. c4 Nc6 4. Nc3 d6 5. d3 Nf6 6. h3 Be7 7. Be3 a6 8. Be2 Qc7
9. O-O O-O 10. Qd2 Rb8 11. d4 cxd4 12. Nxd4 Bd7 13. Rad1 Rfd8 14. f4 Nxd4 15.
Bxd4 Bc6 16. Qe3 Re8 17. e5 dxe5 18. Bxe5 Qa5 19. Bxb8 Bc5 20. Rd4 Rxb8 21. Qe5
Bxd4+ 22. Qxd4 Rd8 23. Qe3 {Game drawn by mutual agreement} 1/2-1/2

[Event "Team 45 45 League T45"]
[Site "Internet Chess Club"]
[Date "2010.06.08"]
[Round "5"]
[White "Stryker672"]
[Black "Freitac"]
[Result "1/2-1/2"]
[WhiteElo "1952"]
[BlackElo "1978"]
[Opening "Caro-Kann: Panov-Botvinnik, normal variation"]
[ECO "B13"]
[Time "20:00:08"]
[TimeControl "2700+45"]

1. e4 c6 2. d4 d5 3. exd5 cxd5 4. c4 Nf6 5. Nc3 Nc6 6. Bg5 e6 7. Nf3 Be7 8. Bd3
dxc4 9. Bxc4 O-O 10. O-O b6 11. Re1 Bb7 12. a3 Nd5 13. Bxe7 Ncxe7 14. Rc1 Rc8
15. Bd3 Nf4 16. Bb1 Neg6 17. Be4 Bxe4 18. Rxe4 Nd5 19. Qd3 Nf6 20. Ree1 Qd7
{Game drawn by mutual agreement} 1/2-1/2

[Event "Team 45 45 League T45"]
[Site "Internet Chess Club"]
[Date "2010.06.07"]
[Round "5"]
[White "Uragon-bocho"]
[Black "alexdb"]
[Result "1-0"]
[WhiteElo "2052"]
[BlackElo "1962"]
[Opening "Scotch: Schmidt variation"]
[ECO "C45"]
[Time "14:02:19"]
[TimeControl "2700+45"]

1. e4 e5 2. Nf3 Nc6 3. d4 exd4 4. Nxd4 Nf6 5. Nc3 Bb4 6. Nxc6 bxc6 7. Bd3 d5 8.
exd5 cxd5 9. O-O O-O 10. Bg5 c6 11. Ne2 h6 12. Bh4 Bc5 13. Kh1 Rb8 14. b3 Rb4
15. f4 g5 16. c3 Rb8 17. fxg5 Ng4 18. Nd4 Bxd4 19. cxd4 hxg5 20. Bg3 Rb6 21. h3
Nf6 22. Be5 c5 23. dxc5 Re6 24. Rxf6 Rxf6 25. Qh5 {Black resigns} 1-0